 Dungeon Crawl Stone Soup version 0.26-a0-572-g753d7e3450 (webtiles) character file.

Game seed: 9227106793565530265

27 Eifo4Ohj9gu9Dob0ohLe the Skirmisher (level 2, -2/40 HPs)
             Began as a Draconian Berserker on Aug 21, 2020.
             Was a Follower of Trog.
             Slain by an orc
             ... wielding a +4 trident
              (5 damage)
             ... on level 2 of the Dungeon.
             The game lasted 00:04:09 (784 turns).

Eifo4Ohj9gu9Dob0ohLe the Skirmisher (DrBe)           Turns: 784, Time: 00:04:11

Health: -2/40      AC:  4    Str: 19    XL:     2   Next: 93%
Magic:  2/2        EV: 12    Int:  7    God:    Trog [*.....]
Gold:   62         SH:  0    Dex: 10    Spells: 1/1 levels left

rFire    . . .     SeeInvis .   a - +0 hand axe
rCold    . . .     Faith    .   (no shield)
rNeg     . . .     Spirit   .   (armour unavailable)
rPois    .         Reflect  .   (helmet restricted)
rElec    .         Harm     .   (no cloak)
rCorr    .                      (no gloves)
MR       .....                  (no boots)
Stlth    ..........             (no amulet)
HPRegen  0.13/turn              (no ring)
MPRegen  0.08/turn              (no ring)

@: berserking, lethally poisoned (-2 -> -7), very quick
A: unfitting armour, cold-blooded, AC +4
a: Berserk, Renounce Religion


You were on level 2 of the Dungeon.
You worshipped Trog.
Trog was aware of your devotion.
You visited 1 branch of the dungeon, and saw 2 of its levels.

You collected 62 gold pieces.

Inventory:

Hand Weapons
 a - a +0 hand axe (weapon)
Scrolls
 c - a scroll of fear {unknown}
 d - 2 scrolls of amnesia {unknown}
Potions
 b - a potion of mutation {unknown}
 e - a potion of stabbing {unknown}


   Skills:
 + Level 3.7 Fighting
 + Level 3.5 Axes
 + Level 3.0 Dodging


You had one spell level left.
You didn't know any spells.
Your spell library was empty.

Dungeon Overview and Level Annotations

Branches:
Dungeon (2/15)

Altars:


Innate Abilities, Weirdness & Mutations

Your plain brown scales are hard. (AC +4)
You cannot fit into any form of body armour.
You are cold-blooded and may be slowed by cold attacks.


Message History

* * * LOW HITPOINT WARNING * * *
The adder bites you but does no damage. The adder barely misses you.
You miss the adder.
Your tail-slap misses the adder.
The adder is severely wounded.
The orc barely misses you. The adder barely misses you.
The orc barely misses you. The adder bites you.
* * * LOW HITPOINT WARNING * * *
A red film seems to cover your vision as you go berserk!
You feel yourself moving faster!
You feel mighty! The adder bites you.
* * * LOW HITPOINT WARNING * * *
You are lethally poisoned!
The adder poisons you! The orc barely misses you. The adder closely misses you.
You slash the adder!
You kill the adder!
Trog accepts your kill.
Your Dodging skill increases to level 3!
* * * LOW HITPOINT WARNING * * *
You feel sick.
The orc hits you from afar with a +4 trident.
You die...

########
####......
..#.....
...... #....
.. ..o .#
###.###.## .#
.(....†@.# .#
###.#.#.$##.#
#.#.......#
#.........+
#...#.###.[##
### #. ##.#
#. #.# # #.##
#..#


You could see an orc.

Vanquished Creatures
  An adder (D:2)
  A dart slug (D:1)
  A ball python (D:1)
  2 bats (D:1)
  A goblin (D:1)
  4 hobgoblins (D:1)
  2 kobolds (D:1)
  3 rats (D:1)
15 creatures vanquished.

Vanquished Creatures (others)
  8 plants (D:1)
8 creatures vanquished.

Grand Total: 23 creatures vanquished

Notes
Turn   | Place    | Note
-------+----------+-------------------------------------------
     0 | D:1      | Eifo4Ohj9gu9Dob0ohLe the Draconian Berserker began the
                  | quest for the Orb.
     0 | D:1      | Reached XP level 1. HP: 19/19 MP: 1/1
    14 | D:1      | Noticed an electric eel
   400 | D:1      | Reached XP level 2. HP: 26/26 MP: 2/2
   784 | D:2      | Slain by an orc

Illustrated notes

Levels and vault maps discovered:
D:1:      arrival_aquarium_a, layout_rooms, serial_bayou_lagoon_a, st_stairs_3,
          serial_bayou_pond_a, chequers_serial_rivers_small_a,
          minmay_misc_feat_ornament, hangedman_decor_lopped
D:2:      layout_basic, lemuel_round_altar, uniq_terence

Skill      XL: |  1  2 |
---------------+-------+-----
Dodging        | 3 |  3.0
Fighting       | |  3.7
Axes           | |  3.5

Action                   || total
-------------------------++-------
Melee: Hand axe          ||    30
       Tailslap          ||     2
Invok: Berserk           ||     2
Armor: Skin              ||    12
Dodge: Dodged            ||    34

Table legend: (Time is in decaauts)
 A = Elapsed time spent in this place.
 B = Non-inter-level travel time spent in this place.
 C = Inter-level travel time spent in this place.
 D = Time resting spent in this place.
 E = Time spent auto-exploring this place.
 F = Levels seen in this place.
 G = Mean time per level.
                   A        B        C        D        E       F      G
               +--------+--------+--------+--------+--------+-----+--------+
         Total |    822 |    801 |     21 |     52 |    471 |   2 |  411.0 |
       Dungeon |    822 |    801 |     21 |     52 |    471 |   2 |  411.0 |
               +--------+--------+--------+--------+--------+-----+--------+

Top non-repeatable levels by time:
     D:1: 804 daAuts
     D:2: 18 daAuts
